 Dungeon Crawl Stone Soup version 0.32-a0-779-g362cfcae2a (webtiles) character file.

Game seed: 15526423967563341843

1691 cforsyth the Chopper (level 8, -6/70 HPs)
             Began as a Mountain Dwarf Cinder Acolyte on Mar 19, 2024.
             Was a High Priest of Ignis.
             Killed by nerve-wracking pain
             ... invoked by an orc priest
              (14 damage)
             ... on level 6 of the Dungeon.
             The game lasted 00:10:37 (6893 turns).

cforsyth the Chopper (MDCA)                         Turns: 6893, Time: 00:10:38

Health: -6/70      AC:  7    Str: 19    XL:     8   Next: 72%
Magic:  11/13      EV:  9    Int: 15    God:    Ignis [*****.]
Gold:   214        SH:  3    Dex:  5    Spells: 12/14 levels left

rFire   + + .        a - +0 hand axe (flame)
rCold   . . .        q - +0 buckler
rNeg    . . .        p - +0 ring mail
rPois   .            (no helmet)
rElec   .            s - +0 cloak
rCorr   .            (no gloves)
SInv    .            (no boots)
Will    .....        m - amulet of magic regeneration Stlth
                     Z - ring of wizardry
HPRegen 0.31/turn    f - ring of protection from fire
MPRegen 0.53/turn

%: wizardry (x1)
@: no status effects
A: runic magic, artefact enchanting
a: Renounce Religion, Fiery Armour, Foxfire Swarm, Rising Flame


You were on level 6 of the Dungeon.
You worshipped Ignis.
Ignis was extremely pleased with you.
You visited 1 branch of the dungeon, and saw 6 of its levels.

You collected 214 gold pieces.


Innate Abilities, Weirdness & Mutations

Your spellcasting is much less encumbered by armour.
You can use scrolls of enchantment on lesser artefacts.


   Skills:
 + Level 6.1 Fighting
 + Level 6.7 Axes
 + Level 4.8 Armour
 + Level 4.1 Shields
 + Level 3.8 Spellcasting
 + Level 6.5 Fire Magic


You had 12 spell levels left.
You knew the following spells:

 Your Spells              Type           Power      Damage    Failure   Level
X - Scorch                Fire           44%        2d6       1%          2

Your spell library contained the following spells:

 Spells                   Type           Power      Damage    Failure   Level
 Call Imp                 Summ           4%         N/A       16%         2
 Sublimation of Blood     Necr           2%         N/A       16%         2
 Stone Arrow              Conj/Erth      4%         3d7       30%         3
 Animate Armour           Summ/Erth      4%         N/A       67%         4
 Summon Hydra             Summ           1%         N/A       100%        7
 Lehudib's Crystal Spear  Conj/Erth      1%         10d2      100%        8

Inventory:

Hand Weapons
 a - a +0 hand axe of flaming (weapon)
 t - a +0 war axe
Armour
 p - a +0 ring mail (worn)
 q - a +0 buckler (worn)
 s - a +0 cloak (worn)
Jewellery
 f - a ring of protection from fire (right hand)
 i - an amulet of reflection
 m - an amulet of magic regeneration (around neck)
 F - a ring of fire
 Z - a ring of wizardry (left hand)
Wands
 b - a wand of light (4)
 r - a wand of charming (8)
 A - a wand of flame (18)
Scrolls
 c - 3 scrolls of enchant weapon
 d - a scroll of fog
 g - a scroll of immolation
 h - 4 scrolls of identify {@r1}
 j - 2 scrolls of enchant armour
 n - a scroll of teleportation {unknown}
 v - a scroll of fear
 y - a scroll of noise {unknown}
 z - a scroll of amnesia {unknown}
Potions
 k - a potion of haste {@q3}
 l - a potion of mutation
 o - a potion of invisibility

Dungeon Overview and Level Annotations

Branches:
Dungeon (6/15)             Temple (0/1) D:5

Altars:
Hepliaklqana
Qazlal
Vehumet
Xom
Yredelemnul

Annotations:
D:4 1 runed translucent door

,,,,,,,,,,,,.......)........,,,,,
,,ß,ß,,,,,,,..#.............,,,,,
,,,,,,,,,,,,..#.............,,,,,
,,,,,,,,*,,*......#,,
,,,,,,,**,,,.#####.g..#####,*,*,,
,****,,**,,,g###..g........,*,,,,
,,,,,,,,,,,,..#§@§§D...##..**,,,,
,,*****,,,,*#[..........#..**,,,,
,****,,,,,,#...)o..?.......**,,,,
,,,,,,,**#..........######***,,,,
,,,,,,,,*#.........~~~,~,~~,**,,,
**,,,,,,,#.....##.#.~≈≈~~~~,~*,,,
**,,,,,,,......**.######***,,*,,,
*,,,,,,,,......,*..**~~~~~~,,*,,,
,,,,,,,,,,,,,*,,*,**,~,,∩,,~**,,*


You could see an orc priest, 2 gnolls and an orc.


Message History

There is a stone staircase leading up, spattered with blood here.
You see here a hound skeleton.
There is a stone staircase leading down, spattered with blood here.
You climb downwards.
You hear the sound of rushing water.
There is an entrance to a sewer on this level.
Hurry and find it before the portal rusts away!
You hear the brisk rusting of a drain very nearby.
The gnoll shouts!
The orc priest shouts!
You hear an angry buzzing noise.
The gnoll hits you from afar with a +0 spear.
* * * LOW HITPOINT WARNING * * *
There is a stone staircase leading up, spattered with blood here.
Unknown command.
Unknown command.
Casting: Scorch (safe; 1% risk of failure)
Confirm with . or Enter, or press ? or * to list all spells.
Okay, then.
Casting: Scorch (safe; 1% risk of failure)
Confirm with . or Enter, or press ? or * to list all spells.
Flames lash the steam dragon.
The steam dragon is lightly wounded.
The steam dragon's fire resistance burns away.
The gnoll hits you from afar with a +0 spear.
* * * LOW HITPOINT WARNING * * *
The steam dragon breathes steam at you. The ball of steam hits you! You resist.
* * * LOW HITPOINT WARNING * * *
The orc priest mumbles some strange prayers to Beogh against you.
Pain shoots through your body!
You die...
Ignis goes out, and joins you in death.

Skill      XL: |  1  2  3  4  5  6  7  8 |
---------------+-------------------------+-----
Armour         | 1 2 3 4 |  4.8
Axes           | 4 5 6 |  6.7
Fire Magic     | 4 5 6 |  6.5
Fighting       | 4 5 6 |  6.1
Spellcasting   | 2 3 |  3.8
Shields        | 2 3 4 |  4.1

Action                     |  1- 3 |  4- 6 |  7- 9 || total
---------------------------+-------+-------+-------++-------
  Melee: Hand axe          |    81 |    46 |    26 ||   153
   Cast: Scorch            |    17 |    85 |   105 ||   207
  Evoke: Wand              |       |     1 |     2 ||     3
    Use: Scroll            |       |    10 |     1 ||    11
         Potion            |       |     5 |     4 ||     9
 Armour: Robe              |    45 |    12 |       ||    57
         Ring mail         |       |    54 |   125 ||   179
  Dodge: Dodged            |    35 |    36 |    59 ||   130
  Block: Other             |    11 |     6 |       ||    17
         Reflection        |     1 |     3 |       ||     4
         Buckler           |       |    20 |    19 ||    39

Levels and vault maps discovered:
D:1:      matt_arrival_refuge, layout_basic, shapermc_ecumenical_altar_gd,
          nrook_uturn
D:2:      layout_basic, basic_altar
D:3:      layout_loops_cross, uniq_terence
D:4:      layout_cave_pools, dk_yredelemnul_ordeal, uniq_blork_the_orc,
          uniq_ijyb
D:5:      minmay_opposing_rooms, layout_cave_pools,
          mainiacjoe_overflow_brackets, gammafunk_temple_overflow_elements,
          minmay_temple_entry_statues_pillars, uniq_crazy_yiuf_cottage,
          uniq_pikel, uniq_grinder
D:6:      layout_cave_pools, gammafunk_temple_overflow_forgotten,
          gup_sewer_entry_pipe, serial_column_ruins, column_ruins_hut,
          column_ruins_grid_4, column_ruins_grid_1, column_ruins_grid_4,
          column_ruins_grid_1

Notes
Turn   | Place    | Note
-------+----------+-------------------------------------------
     0 | D:1      | cforsyth the Mountain Dwarf Cinder Acolyte began the quest
                  | for the Orb.
     0 | D:1      | Reached XP level 1. HP: 19/19 MP: 2/2
   235 | D:1      | Found a faded altar of an unknown god.
   376 | D:1      | Reached XP level 2. HP: 20/26 MP: 3/3
   468 | D:1      | Learned a level 2 spell: Scorch
   708 | D:1      | Reached skill level 1 in Armour
  1108 | D:2      | Reached skill level 4 in Axes
  1108 | D:2      | Reached skill level 4 in Fire Magic
  1108 | D:2      | Reached XP level 3. HP: 31/31 MP: 0/5
  1383 | D:2      | Found a shimmering altar of Xom.
  1459 | D:2      | Reached XP level 4. HP: 35/40 MP: 1/6
  2207 | D:3      | Reached skill level 4 in Fighting
  2390 | D:3      | Noticed a scorpion
  2393 | D:3      | Reached skill level 2 in Armour
  2500 | D:3      | Killed a scorpion
  2501 | D:3      | Reached skill level 2 in Spellcasting
  2501 | D:3      | Reached XP level 5. HP: 43/46 MP: 0/8
  2637 | D:3      | Noticed Terence
  2811 | D:3      | Killed Terence
  3319 | D:3      | Reached XP level 6. HP: 51/53 MP: 2/9
  3610 | D:3      | Reached skill level 1 in Shields
  3953 | D:4      | Found a runed translucent door.
  3953 | D:4      | Noticed a human
  3963 | D:4      | Found a basalt altar of Yredelemnul.
  4077 | D:4      | Noticed Blork the orc
  4087 | D:4      | Killed Blork the orc
  4088 | D:4      | Reached skill level 5 in Axes
  4183 | D:4      | Reached skill level 5 in Fire Magic
  4188 | D:4      | Noticed Ijyb
  4563 | D:4      | HP: 4/53 [Ijyb/bolt of light (12)]
  4567 | D:4      | Killed Ijyb
  4568 | D:4      | Reached skill level 3 in Armour
  4992 | D:5      | Entered Level 5 of the Dungeon
  5093 | D:4      | Reached skill level 2 in Shields
  5093 | D:4      | Reached XP level 7. HP: 26/60 MP: 2/11
  5269 | D:5      | Found a stormy altar of Qazlal.
  5371 | D:5      | Found a runed translucent door.
  5372 | D:5      | Noticed Crazy Yiuf
  5535 | D:5      | Found a hazy altar of Hepliaklqana.
  5535 | D:5      | Found a radiant altar of Vehumet.
  5628 | D:4      | Reached skill level 5 in Fighting
  5700 | D:5      | Noticed Grinder
  5713 | D:5      | Paralysed by Grinder for 2 turns
  5718 | D:5      | Paralysed by Grinder for 4 turns
  5726 | D:5      | Killed Grinder
  5727 | D:5      | Reached skill level 3 in Spellcasting
  5789 | D:5      | Reached skill level 4 in Armour
  5789 | D:5      | Reached skill level 3 in Shields
  5792 | D:5      | Reached skill level 6 in Axes
  5792 | D:5      | Reached XP level 8. HP: 28/69 MP: 4/12
  5957 | D:5      | Found a staircase to the Ecumenical Temple.
  6098 | D:5      | Reached skill level 6 in Fire Magic
  6478 | D:5      | Killed Crazy Yiuf
  6541 | D:5      | HP: 2/70 [sleepcap (7)]
  6544 | D:5      | Identified a potion of resistance
  6601 | D:5      | Reached skill level 6 in Fighting
  6838 | D:5      | Reached skill level 4 in Shields
  6893 | D:6      | Killed from afar by an orc priest

Vanquished Creatures
  Grinder (D:5)
  A sky beast (D:5)
  A black bear (D:5)
  2 lemures (D:4)
  Blork the orc (D:4)
  A bullfrog (D:5)
  6 scorpions
  3 jellies (D:5)
  Crazy Yiuf (D:5)
  2 bombardier beetles
  A gnoll bouda (D:5)
  4 hounds
  Terence (D:3)
  4 iguanas (D:5)
  Ijyb (D:4)
  A sleepcap (D:5)
  2 orc wizards
  10 adders
  3 gnolls (D:5)
  A shadow imp (D:4)
  A white imp (D:5)
  5 dart slugs
  2 ribbon worms (D:3)
  17 orcs
  6 endoplasms
  7 giant cockroaches
  5 goblins
  6 hobgoblins
  3 jackals (D:1)
  7 quokkas
  4 ball pythons
  3 bats (D:1)
  5 frilled lizards
  6 kobolds
  7 rats
131 creatures vanquished.

Table legend: (Time is in decaauts)
 A = Elapsed time spent in this place.
 B = Non-inter-level travel time spent in this place.
 C = Inter-level travel time spent in this place.
 D = Time resting spent in this place.
 E = Time spent auto-exploring this place.
 F = Levels seen in this place.
 G = Mean time per level.
                   A        B        C        D        E       F      G
               +--------+--------+--------+--------+--------+-----+--------+
         Total |   6923 |   6603 |    320 |    875 |   4576 |   6 | 1153.8 |
       Dungeon |   6923 |   6603 |    320 |    875 |   4576 |   6 | 1153.8 |
               +--------+--------+--------+--------+--------+-----+--------+

Top non-repeatable levels by time:
     D:3: 1620 daAuts
     D:5: 1615 daAuts
     D:2: 1393 daAuts
     D:4: 1273 daAuts
     D:1: 975 daAuts
     D:6: 45 daAuts

Table legend:
 A = Non-vault XP
 B = Vault XP
 C = Vault XP percentage of total XP
 D = Non-vault monster count
 E = Vault monster count
 F = Vault count percentage of total count
                 A         B        C        D         E       F
            +---------+---------+-------+---------+---------+-------
      Total |    1785 |     632 |  26.1 |     115 |      14 |  10.9
            +---------+---------+-------+---------+---------+-------
        D:1 |      32 |       0 |   0.0 |      20 |       0 |   0.0
        D:2 |      80 |       0 |   0.0 |      22 |       0 |   0.0
        D:3 |     271 |      38 |  12.3 |      26 |       1 |   3.7
        D:4 |     216 |     127 |  37.0 |      17 |       2 |  10.5
        D:5 |    1174 |     467 |  28.5 |      26 |      11 |  29.7
        D:6 |      12 |       0 |   0.0 |       4 |       0 |   0.0
            +---------+---------+-------+---------+---------+-------
